[Event "European Amateur Chess-ch 2022"]
[Site "Zagreb"]
[Date "2022.08.16"]
[Round "4.15"]
[White "Starcevic, Danijel"]
[Black "Vucenovic, Damian"]
[Result "0-1"]
[ECO "D34"]
[WhiteElo "1935"]
[BlackElo "2053"]
[Annotator "TA"]
[PlyCount "152"]
[EventDate "2022.08.14"]
[EventCountry "CRO"]
[SourceTitle "playchess.com"]
[Source "ChessBase"]
[SourceQuality "1"]
[TimeControl "40/5400+30:1800+30"]

1. c4 e6 2. g3 d5 3. Bg2 Nf6 4. Nf3 c5 5. cxd5 exd5 6. d4 Nc6 7. O-O Be6 8. Nc3 c4 9. Bf4 Be7 10. Ne5 O-O {D34: Tarrasch Defence: 6 g3 Nf6 7 Bg2 Be7.} 11. Nxc6 (11. Nxc4 $5 dxc4 12. d5 $14) 11... bxc6 12. b3 cxb3 {The position is equal.} 13. axb3 {[#]} Re8 $146 ({Predecessor:} 13... Bb4 14. Na4 Qd7 15. Rc1 Bh3 16. Nc5 Bxc5 17. Rxc5 Rfe8 18. Qc2 Bxg2 19. Kxg2 Re6 {1-0 (38) Burmakin,V (2504)-Kryukov,D (2241) Voronezh 2017}) 14. Qd3 Nh5 15. Bc1 f5 (15... Rb8 $14) 16. Ba3 g5 (16... f4 $14) 17. Bb4 $2 Bd6 $2 (17... Bxb4 $19 18. Ra6 Qd7) 18. Bxd6 $16 Re7 $2 (18... Qxd6 $16 19. Ra6 Reb8) 19. Ra6 $2 Qxd6 $18 20. b4 Qxb4 $2 (20... Nf6 21. b5 Rc8) 21. Rxc6 Rd8 22. Rxe6 Rxe6 23. Bxd5 Rxd5 24. Nxd5 Qf8 25. Ra1 Qf7 26. Ra5 Ng7 27. Rc5 h6 $2 (27... Re8 28. Ne3 Rf8) 28. Rc8+ Re8 29. Rxe8+ Nxe8 {[%mdl 4096] Endgame KQN-KQN} 30. Ne3 Nd6 31. Qa6 Qd7 32. Qa2+ Qf7 33. Qa6 Qd7 34. Kf1 Kh7 35. d5 Kg8 36. Ke1 Qc7 37. Qc6 {Inhibits Qc1+.} (37. f3 $142) 37... Qd8 $2 {[#]} (37... Qxc6 $16 {keeps fighting.} 38. dxc6 Kf7) 38. Nc2 (38. Nxf5 $1 $18 {[%mdl 512] has better winning chances.} Nxf5 39. Qe6+ Kg7 40. Qxf5) 38... Kf7 (38... Qa5+ $16 {is a better defense.} 39. Kf1 Qb6) 39. f3 Qa5+ {[#]} 40. Kd1 (40. Kf1 $1 $18 {Qd7+ is the strong threat.} Ke7 41. Ne3) 40... Nb5 $2 (40... Ke7 $16 41. h4 Qb6) 41. Qe6+ Kg7 42. Qe7+ Kg6 43. Qb4 (43. d6 $18 Nc3+ 44. Kc1) 43... Qxb4 $14 44. Nxb4 {KN-KN} a5 45. Nc6 a4 46. Kc2 {Against Nc3} Kf6 $2 (46... Kf7 $14) 47. e4 $18 fxe4 48. fxe4 h5 49. h3 (49. e5+ Kf5 50. d6 Ke6 $18) 49... Kf7 {[#]} 50. Kd3 $2 ({White must play} 50. e5 $1 $18) 50... a3 $11 {And now ...a2 would win.} 51. Nb4 {aiming for e5.} Kf6 52. Kc4 Nd6+ 53. Kd4 {Threatening mate with e5+.} Nb5+ 54. Kc5 Nc7 55. Kc6 Na6 56. Na2 ({Not} 56. Nxa6 $2 a2 57. d6 a1=Q $19) 56... Ke5 57. Nc3 Kd4 58. d6 $2 Kxc3 {KN-KP. Black mates.} 59. Kb6 Nb8 60. Kc7 a2 61. Kxb8 a1=Q 62. d7 Qa5 63. Kc8 Qc5+ 64. Kb7 Qd6 65. Kc8 Qc6+ 66. Kd8 Qxe4 67. Kc8 Qc6+ 68. Kd8 Kd4 69. Ke7 Qc5+ 70. Ke8 Qe5+ 71. Kf7 Qd6 72. Ke8 Qe6+ 73. Kd8 Kc5 74. Kc7 Qc6+ 75. Kd8 Kd6 76. g4 Qxd7# {Never resign too early!  Weighted Error Value: White=0.80/Black=0.57} 0-1

[Event "European Amateur Chess-ch 2022"]
[Site "Zagreb"]
[Date "2022.08.16"]
[Round "4.16"]
[White "Janiszewski, Maciej"]
[Black "Ruzic, Pia Marie"]
[Result "0-1"]
[ECO "C11"]
[WhiteElo "2075"]
[BlackElo "1996"]
[Annotator "NA RC"]
[PlyCount "38"]
[EventDate "2022.08.14"]
[EventCountry "CRO"]
[SourceTitle "playchess.com"]
[Source "ChessBase"]
[SourceQuality "1"]
[TimeControl "40/5400+30:1800+30"]

1. e4 e6 2. d4 d5 3. Nc3 Nf6 4. e5 Nfd7 5. f4 c5 6. Nf3 Nc6 7. Be3 a6 8. Qd2 b5 9. Nd1 Qb6 10. c3 a5 11. Bd3 b4 12. f5 exf5 13. Bxf5 Ndxe5 14. Nh4 Be7 15. O-O Bxh4 16. dxe5 O-O 17. Qxd5 Bxf5 18. Bxc5 Be6 19. Bxb6 Bxd5 0-1

[Event "European Amateur Chess-ch 2022"]
[Site "Zagreb"]
[Date "2022.08.16"]
[Round "4.17"]
[White "Maravic, Ivan"]
[Black "Krikunov, Dmitry"]
[Result "0-1"]
[ECO "D15"]
[WhiteElo "2009"]
[BlackElo "2202"]
[Annotator "NA RC"]
[PlyCount "68"]
[EventDate "2022.08.14"]
[EventCountry "CRO"]
[SourceTitle "playchess.com"]
[Source "ChessBase"]
[SourceQuality "1"]
[TimeControl "40/5400+30:1800+30"]

1. d4 Nf6 2. c4 c6 3. Nc3 d5 4. Nf3 a6 5. e3 b5 6. b3 Bg4 7. Be2 e6 8. O-O Bd6 9. Bb2 O-O 10. Nd2 Bf5 11. c5 Bc7 12. f4 b4 13. Na4 Ne4 14. Nxe4 Bxe4 15. a3 a5 16. Qd2 Nd7 17. Ra2 f5 18. Rfa1 Rb8 19. axb4 axb4 20. Bc1 g5 21. Nb2 gxf4 22. exf4 Nf6 23. Ra4 Qe7 24. Rxb4 Qg7 25. Bf1 Bxf4 26. Qc3 Rxb4 27. Qxb4 Bxh2+ 28. Kxh2 Ng4+ 29. Kh3 Qc7 30. g3 Qf7 31. Bg5 Qh5+ 32. Bh4 Nf2+ 33. Kh2 Qf3 34. Kg1 Ng4 0-1

[Event "European Amateur Chess-ch 2022"]
[Site "Zagreb"]
[Date "2022.08.16"]
[Round "4.18"]
[White "Prihoda, Leonardo"]
[Black "Cvitkovic, Filip"]
[Result "1-0"]
[ECO "E14"]
[WhiteElo "1995"]
[BlackElo "2164"]
[Annotator "TA"]
[PlyCount "107"]
[EventDate "2022.08.14"]
[EventCountry "CRO"]
[SourceTitle "playchess.com"]
[Source "ChessBase"]
[SourceQuality "1"]
[TimeControl "40/5400+30:1800+30"]

1. d4 Nf6 2. Nf3 c5 3. e3 b6 4. c4 e6 5. Nc3 cxd4 6. exd4 d6 7. Bd3 Bb7 8. O-O Be7 9. Re1 (9. d5 $5) 9... O-O {E14: Queen's Indian: Classical Variation (4 e3).} 10. Qe2 (10. d5 $5 ) 10... Nbd7 11. Bf4 Re8 {[%cal Bf8e8,Be8e7,Be7d7][%mdl 32] [#] White is slightly better.} 12. Nb5 $146 (12. Rad1 $14) ({Predecessor:} 12. Rad1 Bf8 13. Bb1 a6 14. Bg5 Qc7 15. Qd3 Rac8 16. Nd2 g6 17. d5 exd5 18. cxd5 {0-1 (49) Mammadova,N (2209)-Pogosyan,S (2356) Batumi 2018}) 12... Nf8 (12... e5 $1 $15 13. dxe5 dxe5 14. Nxe5 Bb4) 13. c5 (13. Rad1 $11) 13... dxc5 $17 14. dxc5 Nd5 15. Bg3 Bxc5 16. Be4 Re7 {Inhibits Nc7.} 17. Red1 f6 18. a3 Rd7 19. b4 Be7 20. Rdc1 a6 21. Bxd5 {[%mdl 64] Remove Defender} Bxd5 22. Nc7 {[#]} Ra7 $1 23. Nxa6 Bxf3 24. gxf3 Bd6 {Inhibits Nb8.} 25. b5 Qe7 (25... f5 $15 26. Qe3 Be7) 26. a4 e5 (26... f5 $5 27. Qe3 Qf6 $15) 27. Rc6 g6 (27... Rab7 $1 $11 {remains equal.}) 28. Rxb6 $16 {White is much more active. White leaves nothing to chance now.} Ne6 (28... Kg7 $16 {was worth a try.}) 29. Nb8 $36 {[%mdl 2048] White is in control.} Bxb8 30. Rxb8+ Kg7 (30... Kf7 {is a better defense.} 31. b6 Ra5) 31. b6 $18 Rab7 (31... Ra5) 32. Rxb7 Rxb7 33. a5 Nd4 (33... Qc5 $142 34. a6 Rxb6) 34. Qe4 {[#] aiming for a6.} Nb3 35. a6 Rxb6 36. a7 Nxa1 37. a8=Q Nb3 38. Qc4 {Threatening mate with Qag8+.} Nd4 39. Qcg8+ Kh6 40. Qgf8+ Qxf8 41. Qxf8+ Kg5 42. Kg2 {[%cal Of3f4] Hoping for f4+!} Nf5 43. Qa3 {And now Qc1+ would win.} Rd6 44. Qc1+ Kh5 45. Qc7 h6 46. Qf7 Kg5 47. h4+ {White mates.} Kh5 48. Kh3 Rc6 49. Qb3 Rd6 50. f4 e4 51. Qc4 Rd2 52. Qxe4 Nd4 53. f5 gxf5 54. Qe8# {Weighted Error Value: White=0.25 (precise) /Black=0.38} 1-0

[Event "European Amateur Chess-ch 2022"]
[Site "Zagreb"]
[Date "2022.08.16"]
[Round "4.19"]
[White "Vanden Bussche, Steven"]
[Black "Pal, Rohan"]
[Result "1-0"]
[ECO "A48"]
[WhiteElo "2026"]
[BlackElo "1935"]
[Annotator "NA RC"]
[PlyCount "63"]
[EventDate "2022.08.14"]
[EventCountry "CRO"]
[SourceTitle "playchess.com"]
[Source "ChessBase"]
[SourceQuality "1"]
[TimeControl "40/5400+30:1800+30"]

1. d4 Nf6 2. Bf4 b6 3. e3 Bb7 4. Nf3 g6 5. Be2 Bg7 6. O-O O-O 7. h3 d6 8. Bh2 Nbd7 9. a4 a6 10. c3 Re8 11. Qb3 e5 12. dxe5 Nxe5 13. Nxe5 dxe5 14. Bc4 Qe7 15. Na3 Ne4 16. Rad1 Nc5 17. Qc2 Be4 18. Qe2 Nxa4 19. f4 b5 20. Ba2 exf4 21. Rxf4 Bf5 22. Rdf1 Bh6 23. R4f3 Bxe3+ 24. Kh1 Bb6 25. Qd2 Qh4 26. Bxf7+ Kxf7 27. Qd5+ Kf8 28. Rxf5+ gxf5 29. Rxf5+ Kg7 30. Rf7+ Kh6 31. Qc6+ Kg5 32. Qf6+ 1-0

[Event "European Amateur Chess-ch 2022"]
[Site "Zagreb"]
[Date "2022.08.16"]
[Round "4.20"]
[White "Baric, Marko"]
[Black "Draganic, Stjepan"]
[Result "1/2-1/2"]
[ECO "E61"]
[WhiteElo "1948"]
[BlackElo "2025"]
[Annotator "NA RC"]
[PlyCount "20"]
[EventDate "2022.08.14"]
[EventCountry "CRO"]
[SourceTitle "playchess.com"]
[Source "ChessBase"]
[SourceQuality "1"]
[TimeControl "40/5400+30:1800+30"]

1. d4 Nf6 2. c4 c5 3. Nf3 b6 4. Nc3 Bb7 5. b3 g6 6. Bb2 Bg7 7. Qc2 O-O 8. e3 d6 9. Be2 Nbd7 10. O-O a6 1/2-1/2

[Event "European Amateur Chess-ch 2022"]
[Site "Zagreb"]
[Date "2022.08.16"]
[Round "4.21"]
[White "Franc, Borna"]
[Black "Jakovic, Roko"]
[Result "1/2-1/2"]
[ECO "B22"]
[WhiteElo "2020"]
[BlackElo "1921"]
[Annotator "NA RC"]
[PlyCount "37"]
[EventDate "2022.08.14"]
[EventCountry "CRO"]
[SourceTitle "playchess.com"]
[Source "ChessBase"]
[SourceQuality "1"]
[TimeControl "40/5400+30:1800+30"]

1. e4 c5 2. c3 Nf6 3. e5 Nd5 4. d4 cxd4 5. cxd4 Nc6 6. Nf3 d6 7. Be2 e6 8. O-O Be7 9. exd6 Qxd6 10. Nc3 O-O 11. Bd3 Nxc3 12. bxc3 Bf6 13. Bg5 Qe7 14. Bxf6 Qxf6 15. Re1 Rb8 16. Rb1 Rd8 17. Qe2 g6 18. Nd2 b6 19. Be4 1/2-1/2

[Event "European Amateur Chess-ch 2022"]
[Site "Zagreb"]
[Date "2022.08.16"]
[Round "4.22"]
[White "Kanizaj, Benjamin"]
[Black "Jakupec, Denis"]
[Result "1/2-1/2"]
[ECO "B48"]
[WhiteElo "2050"]
[BlackElo "2004"]
[Annotator "NA RC"]
[PlyCount "36"]
[EventDate "2022.08.14"]
[EventCountry "CRO"]
[SourceTitle "playchess.com"]
[Source "ChessBase"]
[SourceQuality "1"]
[TimeControl "40/5400+30:1800+30"]

1. e4 c5 2. Nf3 e6 3. d4 cxd4 4. Nxd4 Nc6 5. Nc3 Qc7 6. Be3 a6 7. a3 Nf6 8. Be2 d6 9. O-O Be7 10. Kh1 O-O 11. f4 Bd7 12. Bf3 Nxd4 13. Bxd4 Bc6 14. Qe1 e5 15. Be3 exf4 16. Bxf4 Nd7 17. Rd1 Ne5 18. Bxe5 dxe5 1/2-1/2

[Event "European Amateur Chess-ch 2022"]
[Site "Zagreb"]
[Date "2022.08.16"]
[Round "4.23"]
[White "Okrosa, Marijan"]
[Black "Lasic, Luka"]
[Result "1-0"]
[ECO "A58"]
[WhiteElo "2059"]
[BlackElo "2077"]
[Annotator "NA RC"]
[PlyCount "69"]
[EventDate "2022.08.14"]
[EventCountry "CRO"]
[SourceTitle "playchess.com"]
[Source "ChessBase"]
[SourceQuality "1"]
[TimeControl "40/5400+30:1800+30"]

1. d4 Nf6 2. c4 c5 3. d5 b5 4. cxb5 a6 5. bxa6 Bxa6 6. Nc3 d6 7. f4 g6 8. Nf3 Bg7 9. e4 Bxf1 10. Rxf1 O-O 11. Kf2 e6 12. Re1 Qb6 13. h3 c4+ 14. Kg3 Na6 15. Kh2 Nc5 16. Be3 Qxb2 17. Bxc5 dxc5 18. Rc1 Nh5 19. Rc2 Qb4 20. Ne2 Ra3 21. Qc1 exd5 22. exd5 Ra4 23. Ne5 c3 24. Nxc3 Qxf4+ 25. Qxf4 Rxf4 26. Nb5 Re8 27. Rce2 Rf5 28. Nc6 Rxe2 29. Rxe2 Bf8 30. g4 Nf4 31. gxf5 Nxe2 32. f6 Bh6 33. d6 Bg5 34. Ne7+ Kf8 35. d7 1-0

[Event "European Amateur Chess-ch 2022"]
[Site "Zagreb"]
[Date "2022.08.16"]
[Round "4.24"]
[White "Takac, Zvonko"]
[Black "Faukovic, Matija"]
[Result "1-0"]
[ECO "E51"]
[WhiteElo "2040"]
[BlackElo "2026"]
[Annotator "NA RC"]
[PlyCount "127"]
[EventDate "2022.08.14"]
[EventCountry "CRO"]
[SourceTitle "playchess.com"]
[Source "ChessBase"]
[SourceQuality "1"]
[TimeControl "40/5400+30:1800+30"]

1. Nf3 Nf6 2. d4 e6 3. c4 d5 4. Nc3 Bb4 5. e3 O-O 6. a3 Be7 7. Qc2 Nbd7 8. Bd3 dxc4 9. Bxc4 c5 10. dxc5 Nxc5 11. b4 Ncd7 12. Bb2 a5 13. Rd1 axb4 14. axb4 Bxb4 15. O-O Qe7 16. e4 Nb6 17. Bb3 e5 18. Nxe5 Bd6 19. Nf3 Bg4 20. Qd3 Rfd8 21. Nd5 Nbxd5 22. exd5 Qe4 23. Bxf6 Qxd3 24. Rxd3 gxf6 25. Nd4 Bd7 26. Rf3 Be5 27. Nf5 Ra3 28. Ng3 Kf8 29. Ne4 Bg4 30. Re3 Bf4 31. Rc3 Be5 32. Re3 Bd4 33. Rg3 Bf5 34. Nd2 b5 35. Rf3 Bg6 36. g4 Rc8 37. Re1 Re8 38. Rxe8+ Kxe8 39. d6 Kd7 40. Be6+ fxe6 41. Rxa3 Kxd6 42. Kf1 b4 43. Ra6+ Ke5 44. Ke2 Bc3 45. Ke3 Bd4+ 46. Kf3 Bc3 47. Ke2 Bc2 48. Rb6 Kd5 49. f4 Kc5 50. Rxe6 b3 51. Nxb3+ Bxb3 52. Re7 Bc4+ 53. Kf3 Bd5+ 54. Kg3 Kd4 55. Kh4 Be4 56. f5 h6 57. Kh5 Bf3 58. h3 Bg2 59. h4 Bf3 60. Kxh6 Bxg4 61. Kg6 Kd5 62. h5 Bxh5+ 63. Kxh5 Be5 64. Kg6 1-0

[Event "European Amateur Chess-ch 2022"]
[Site "Zagreb"]
[Date "2022.08.17"]
[Round "5.1"]
[White "Starcevic, Ante Leon"]
[Black "Begic, Domagoj"]
[Result "1/2-1/2"]
[ECO "D02"]
[WhiteElo "2152"]
[BlackElo "2026"]
[Annotator "TA"]
[PlyCount "31"]
[EventDate "2022.08.14"]
[EventCountry "CRO"]
[SourceTitle "playchess.com"]
[Source "ChessBase"]
[SourceQuality "1"]
[TimeControl "40/5400+30:1800+30"]

1. d4 d5 2. Nf3 Nf6 3. c3 e6 4. Bf4 Bd6 5. Bg3 Nbd7 {The position is equal.} 6. Nbd2 {D02: 1 d4 d5 2 Nf3 sidelines, including 2...Nf6 3 g3 and 2...Nf6 3 Bf4.} Qe7 7. e3 e5 8. dxe5 (8. Bxe5 {feels hotter.} Nxe5 9. dxe5 Bxe5 10. Nxe5 Qxe5 11. Qa4+) 8... Nxe5 9. Nxe5 Bxe5 10. Bxe5 Qxe5 11. Qa4+ c6 12. Qd4 Qe7 {[#]} 13. Bd3 $146 ({Predecessor:} 13. Be2 O-O 14. O-O Bf5 15. Rac1 Rfd8 16. Rfd1 Bg6 17. h3 h6 18. a4 Ne4 19. Nxe4 dxe4 20. Qc4 {½-½ (56) Cerveny,M (2386)-Sadhwani,R (2310) Zadar 2017}) 13... Bd7 14. Nf3 O-O 15. Qh4 Rfe8 16. O-O {An uneventful encounter.  Weighted Error Value: White=0.05 (flawless) /Black=0.04 (flawless)} 1/2-1/2

[Event "European Amateur Chess-ch 2022"]
[Site "Zagreb"]
[Date "2022.08.17"]
[Round "5.2"]
[White "Vrban, Mladen"]
[Black "Vujec, Ivan"]
[Result "1-0"]
[ECO "B12"]
[WhiteElo "2297"]
[BlackElo "2192"]
[Annotator "NA RC"]
[PlyCount "81"]
[EventDate "2022.08.14"]
[EventCountry "CRO"]
[SourceTitle "playchess.com"]
[Source "ChessBase"]
[SourceQuality "1"]
[TimeControl "40/5400+30:1800+30"]

1. e4 c6 2. d4 d5 3. e5 c5 4. dxc5 e6 5. Be3 Nh6 6. f4 Qc7 7. b4 f6 8. Nc3 a6 9. exf6 gxf6 10. Qh5+ Nf7 11. Nge2 Nc6 12. a3 Ne7 13. Nd4 Bd7 14. Bb5 Nc6 15. Ba4 Nxd4 16. Bxd7+ Qxd7 17. Bxd4 Bg7 18. O-O e5 19. fxe5 fxe5 20. Be3 O-O 21. Rad1 d4 22. Bc1 Qc6 23. Ne2 Rad8 24. Ng3 Qg6 25. Qxg6 hxg6 26. Rde1 Rd7 27. Ne4 Nd8 28. Rxf8+ Kxf8 29. Rf1+ Ke7 30. Rf3 Ke6 31. Rg3 Kd5 32. Nd6 b5 33. Rxg6 Ne6 34. Nc8 Nf8 35. Nb6+ Ke4 36. Rg4+ Kf5 37. Rg5+ Kf6 38. Nxd7+ Nxd7 39. c6 Nb6 40. Rg4 Bf8 41. h4 1-0

[Event "European Amateur Chess-ch 2022"]
[Site "Zagreb"]
[Date "2022.08.17"]
[Round "5.3"]
[White "Colev, Ivor"]
[Black "Bouget, Alexandre"]
[Result "1/2-1/2"]
[ECO "C78"]
[WhiteElo "1950"]
[BlackElo "2282"]
[Annotator "NA RC"]
[PlyCount "57"]
[EventDate "2022.08.14"]
[EventCountry "CRO"]
[SourceTitle "playchess.com"]
[Source "ChessBase"]
[SourceQuality "1"]
[TimeControl "40/5400+30:1800+30"]

1. e4 e5 2. Nf3 Nc6 3. Bb5 a6 4. Ba4 Nf6 5. d3 b5 6. Bb3 Bc5 7. O-O O-O 8. a4 Bb7 9. Nc3 b4 10. Nd5 h6 11. a5 d6 12. Re1 Ba7 13. Be3 Nxd5 14. Bxd5 Bxe3 15. Rxe3 Nxa5 16. Rxa5 c6 17. Bxc6 Bxc6 18. Ra1 f5 19. exf5 Rxf5 20. Nd2 Qh4 21. Qe2 Qd4 22. Rb1 a5 23. Ne4 d5 24. c3 Qb6 25. Ng3 Rf7 26. cxb4 axb4 27. Rxe5 Raf8 28. Rf1 Qd4 29. Re7 1/2-1/2

[Event "European Amateur Chess-ch 2022"]
[Site "Zagreb"]
[Date "2022.08.17"]
[Round "5.4"]
[White "Novosel, Lovro"]
[Black "Brigljevic, Milan"]
[Result "0-1"]
[ECO "E66"]
[WhiteElo "2212"]
[BlackElo "2161"]
[Annotator "NA RC"]
[PlyCount "106"]
[EventDate "2022.08.14"]
[EventCountry "CRO"]
[SourceTitle "playchess.com"]
[Source "ChessBase"]
[SourceQuality "1"]
[TimeControl "40/5400+30:1800+30"]

1. d4 Nf6 2. Nf3 d6 3. g3 g6 4. Bg2 Bg7 5. O-O O-O 6. c4 c5 7. Nc3 Nc6 8. d5 Na5 9. Nd2 a6 10. Qc2 e5 11. e4 Bd7 12. b3 b5 13. Rb1 Ng4 14. Bb2 f5 15. exf5 gxf5 16. Ne2 Rb8 17. Bc3 b4 18. Bb2 Nb7 19. Rbe1 Qe7 20. Nf4 Nd8 21. Nh3 Qf7 22. f3 Nf6 23. f4 e4 24. a3 bxa3 25. Bxa3 Ng4 26. Bb2 a5 27. Ng5 Qg6 28. Kh1 h6 29. Nh3 a4 30. Bxg7 Qxg7 31. Re2 e3 32. Nf3 Rxb3 33. Nh4 Nb7 34. Bf3 Na5 35. Rc1 Rb4 36. Ng1 Rxc4 37. Qb1 Rb4 38. Qc2 Nb3 39. h3 Nxc1 40. Qxc1 Nf2+ 41. Kh2 Ne4 42. Rg2 Qc3 43. Qf1 Bb5 44. Be2 Nd2 45. Qd1 Rb1 46. Qxb1 Nxb1 47. Bxb5 a3 48. g4 Qb4 49. Bd7 Qxf4+ 50. Kh1 fxg4 51. Bxg4 Qf2 52. Be6+ Kh7 53. Bf5+ Rxf5 0-1

[Event "European Amateur Chess-ch 2022"]
[Site "Zagreb"]
[Date "2022.08.17"]
[Round "5.5"]
[White "Denic, Marin"]
[Black "Babic, Zvonko"]
[Result "0-1"]
[ECO "C41"]
[WhiteElo "2190"]
[BlackElo "2180"]
[Annotator "NA RC"]
[PlyCount "88"]
[EventDate "2022.08.14"]
[EventCountry "CRO"]
[SourceTitle "playchess.com"]
[Source "ChessBase"]
[SourceQuality "1"]
[TimeControl "40/5400+30:1800+30"]

1. e4 d6 2. d4 Nf6 3. Nc3 e5 4. Nf3 Nbd7 5. Bc4 Be7 6. O-O O-O 7. Re1 c6 8. a4 a5 9. h3 h6 10. Be3 Re8 11. d5 Nb6 12. Nd2 cxd5 13. exd5 Bf5 14. Ra3 Nbd7 15. Rb3 Qc8 16. Bb5 Rf8 17. Nc4 Bg6 18. Qe2 Qc7 19. Bxd7 Nxd7 20. Nb5 Qb8 21. Rc3 Ra6 22. f4 Re8 23. fxe5 Bh4 24. Bf2 Bxf2+ 25. Qxf2 Nxe5 26. Nxe5 dxe5 27. Nc7 Rf6 28. Qc5 b6 29. Qe3 Re7 30. Nb5 e4 31. Rd1 Qe5 32. d6 Rd7 33. Qxb6 Bf5 34. Qd4 Qf4 35. Qe3 Qh4 36. Rc5 Bxh3 37. Rc8+ Kh7 38. Qxh3 Qf2+ 39. Kh1 Rf4 40. g3 Qf3+ 41. Qg2 Qh5+ 42. Kg1 Qxd1+ 43. Kh2 Rf1 44. g4 Qe1 0-1

[Event "European Amateur Chess-ch 2022"]
[Site "Zagreb"]
[Date "2022.08.17"]
[Round "5.6"]
[White "Karlusic, Luka"]
[Black "Buchcar, Tomas"]
[Result "1-0"]
[ECO "A56"]
[WhiteElo "2089"]
[BlackElo "2208"]
[Annotator "NA RC"]
[PlyCount "69"]
[EventDate "2022.08.14"]
[EventCountry "CRO"]
[SourceTitle "playchess.com"]
[Source "ChessBase"]
[SourceQuality "1"]
[TimeControl "40/5400+30:1800+30"]

1. d4 Nf6 2. c4 c5 3. d5 e5 4. Nc3 d6 5. e4 Be7 6. g3 O-O 7. Bg2 Ne8 8. Nge2 Nd7 9. O-O g6 10. Bh6 Ng7 11. f4 exf4 12. gxf4 Nf6 13. h3 Kh8 14. Ng3 Ng8 15. Bxg7+ Kxg7 16. e5 Nh6 17. Kh2 Re8 18. Qf3 Nf5 19. Nxf5+ Bxf5 20. Rae1 Bh4 21. Re2 Qd7 22. Nb5 Be7 23. Rfe1 a6 24. Nxd6 Bxd6 25. exd6 Rxe2 26. Qxe2 Rd8 27. Qe5+ Kg8 28. Qf6 Rf8 29. b3 b5 30. Re7 Qd8 31. h4 Qa5 32. d7 Qd8 33. h5 h6 34. hxg6 Bxg6 35. d6 1-0

[Event "European Amateur Chess-ch 2022"]
[Site "Zagreb"]
[Date "2022.08.17"]
[Round "5.7"]
[White "Roska, Branislav"]
[Black "Ruzic, Pia Marie"]
[Result "1/2-1/2"]
[ECO "C08"]
[WhiteElo "2153"]
[BlackElo "1996"]
[Annotator "NA RC"]
[PlyCount "126"]
[EventDate "2022.08.14"]
[EventCountry "CRO"]
[SourceTitle "playchess.com"]
[Source "ChessBase"]
[SourceQuality "1"]
[TimeControl "40/5400+30:1800+30"]

1. e4 e6 2. d4 d5 3. Nd2 c5 4. exd5 exd5 5. Bb5+ Nc6 6. Qe2+ Qe7 7. dxc5 Qxe2+ 8. Nxe2 Bxc5 9. Nb3 Bb6 10. Bg5 f6 11. Bh4 Nge7 12. Nbd4 Bd7 13. Nxc6 bxc6 14. Bd3 Nf5 15. Bg3 Nxg3 16. Nxg3 Kf7 17. O-O g6 18. Rfe1 Rab8 19. c3 a5 20. Rad1 Rhe8 21. Rxe8 Rxe8 22. Kf1 h5 23. h3 h4 24. Ne2 f5 25. Nd4 Kf6 26. Nf3 g5 27. Re1 Rb8 28. b3 c5 29. Ne5 Be8 30. Nf3 Bc7 31. Bc2 Bb5+ 32. Kg1 Bc6 33. Bd3 Bf4 34. Rb1 Bd6 35. Bc2 Rb7 36. a3 Rb8 37. Re1 Rg8 38. Rd1 Re8 39. b4 axb4 40. axb4 cxb4 41. cxb4 Bxb4 42. Bxf5 Kxf5 43. Nd4+ Kf4 44. Nxc6 Re1+ 45. Rxe1 Bxe1 46. Kf1 Bc3 47. Ke2 Ke4 48. Nd8 d4 49. f3+ Kf4 50. Ne6+ Kf5 51. Nc5 Bb4 52. Nd3 Bd6 53. Nf2 Bf4 54. Nd3 Be3 55. Nc5 Ke5 56. Kd3 Kd6 57. Ne4+ Kd5 58. g3 hxg3 59. Nxg3 Ke5 60. Ne2 Bf2 61. Kc4 Be3 62. Kd3 Bf2 63. Kc4 Be3 1/2-1/2

[Event "European Amateur Chess-ch 2022"]
[Site "Zagreb"]
[Date "2022.08.17"]
[Round "5.8"]
[White "Jonsson, Gauti Pall"]
[Black "Peric, Bernard"]
[Result "0-1"]
[ECO "B11"]
[WhiteElo "2071"]
[BlackElo "2112"]
[Annotator "NA RC"]
[PlyCount "120"]
[EventDate "2022.08.14"]
[EventCountry "CRO"]
[SourceTitle "playchess.com"]
[Source "ChessBase"]
[SourceQuality "1"]
[TimeControl "40/5400+30:1800+30"]

1. e4 c6 2. Nc3 d5 3. Nf3 dxe4 4. Nxe4 Nf6 5. Qe2 Nxe4 6. Qxe4 Nd7 7. Bc4 Nf6 8. Ne5 e6 9. Qe2 Be7 10. O-O O-O 11. Rd1 Qc7 12. d4 Rd8 13. Bf4 Bd6 14. Bg5 Be7 15. Qf3 Bd7 16. Bd3 Be8 17. Qh3 g6 18. Qh4 Nd5 19. Nf3 f6 20. Bd2 Qd7 21. c4 Nc7 22. Bc3 Bf7 23. Qe4 Bf8 24. h4 Ne8 25. h5 Ng7 26. hxg6 Bxg6 27. Qh4 Qf7 28. Bxg6 hxg6 29. Qe4 Rd7 30. g3 Nf5 31. Kg2 Bg7 32. Rh1 Rc8 33. Rae1 c5 34. dxc5 Rxc5 35. Bb4 Rc6 36. b3 e5 37. Qg4 Qe8 38. Qh3 e4 39. Qh7+ Kf7 40. Nh4 Nxh4+ 41. Rxh4 f5 42. Rexe4 fxe4 43. Rf4+ Rf6 44. Rxf6+ Kxf6 45. Bc3+ Ke7 46. Qxg7+ Kd8 47. Qf6+ Kc8 48. Be5 Qf7 49. Qxf7 Rxf7 50. Kf1 e3 51. f4 Rd7 52. Ke2 Rd2+ 53. Kxe3 Rxa2 54. g4 Ra3 55. f5 gxf5 56. gxf5 Rxb3+ 57. Kd2 Kd7 58. Kc2 Rh3 59. f6 Ke6 60. Bd4 a6 0-1

[Event "European Amateur Chess-ch 2022"]
[Site "Zagreb"]
[Date "2022.08.17"]
[Round "5.9"]
[White "Vucenovic, Damian"]
[Black "Fajdetic, Hrvoje"]
[Result "0-1"]
[ECO "C01"]
[WhiteElo "2053"]
[BlackElo "2151"]
[Annotator "NA RC"]
[PlyCount "100"]
[EventDate "2022.08.14"]
[EventCountry "CRO"]
[SourceTitle "playchess.com"]
[Source "ChessBase"]
[SourceQuality "1"]
[TimeControl "40/5400+30:1800+30"]

1. e4 e6 2. d4 d5 3. exd5 exd5 4. Nf3 Bd6 5. c4 c6 6. c5 Bc7 7. Bd3 Ne7 8. O-O Bg4 9. Re1 Nd7 10. Nbd2 Nf8 11. Qc2 Ne6 12. Nh4 Ng6 13. Nf5 O-O 14. Nb3 Qf6 15. Be3 Ngf4 16. Ng3 h5 17. Bf5 g6 18. Bxg4 hxg4 19. Qd1 Qh4 20. Nd2 Kg7 21. Ndf1 f5 22. Qd2 Nxg2 23. Bh6+ Qxh6 24. Qxh6+ Kxh6 25. Rxe6 Nh4 26. Nd2 Ba5 27. Nb3 Bd8 28. Kf1 Nf3 29. Ke2 Ng5 30. Rd6 f4 31. Nf1 Re8+ 32. Kd3 Ne4 33. Rd7 Nxf2+ 34. Kc2 Re2+ 35. Nfd2 Bg5 36. Kc3 f3 37. Rf7 a5 38. a4 Rae8 39. Nf1 Ne4+ 40. Kd3 Nf2+ 41. Kc3 Re1 42. Rxe1 Rxe1 43. Ng3 Ne4+ 44. Kc2 Re2+ 45. Kd3 Rxb2 46. Nxe4 dxe4+ 47. Kxe4 Rxb3 48. d5 Rb4+ 49. Ke5 cxd5 50. Kxd5 Rf4 0-1